 Dungeon Crawl Stone Soup version 0.26-b1-32-g5d43845318 (webtiles) character file.

Game seed: 2411483481044590784

58 sanka the Skirmisher (level 3, 0/29 HPs)
             Began as a Mummy Arcane Marksman on Jan 10, 2021.
             Slain by a worm (5 damage)
             ... on level 2 of the Dungeon.
             The game lasted 00:03:44 (2027 turns).

sanka the Skirmisher (Mummy Arcane Marksman)        Turns: 2027, Time: 00:03:44

Health: 0/29       AC:  8    Str: 14    XL:     3   Next: 75%
Magic:  5/5        EV:  6    Int: 12    God:
Gold:   131        SH:  0    Dex: 12    Spells: 3/4 levels left

rFire    x . .     SeeInvis .   i - +0 short sword
rCold    + . .     Faith    .   (no shield)
rNeg     + + +     Spirit   .   b - +0 chain mail
rPois    ∞         Reflect  .   (no helmet)
rElec    .         Harm     .   (no cloak)
rCorr    .         Rampage  .   (no gloves)
Will     .....                  (no boots)
Stlth    ..........             (no amulet)
HPRegen  0.09/turn              (no ring)
MPRegen  0.09/turn              (no ring)

@: no status effects
A: no potions, fire vulnerability, cold resistance 1, negative energy resistance
3, torment resistance, unbreathing
a: no special abilities


You were on level 2 of the Dungeon.
You visited 1 branch of the dungeon, and saw 2 of its levels.

You collected 131 gold pieces.


Innate Abilities, Weirdness & Mutations

You do not drink.
Your flesh is vulnerable to fire.
You are immune to poison.
Your flesh is cold resistant. (rC+)
You are immune to negative energy. (rN+++)
You are immune to unholy pain and torment.
You can survive without breathing.


   Skills:
 + Level 3.3 Fighting
 - Level 2.0 Throwing
 - Level 1.5 Dodging
 - Level 1.4 Spellcasting
 - Level 2.7 Hexes


You had 3 spell levels left.
You knew the following spells:

 Your Spells              Type           Power        Failure   Level
Z - Corona                Hex            7%           96%         1

Your spell library contained the following spells:

 Spells                   Type           Power        Failure   Level
 Slow                     Hex            7%           99%         2
 Inner Flame              Hex/Fire       4%           100%        3
 Portal Projectile        Hex/Tloc       8%           100%        3
 Cause Fear               Hex            3%           100%        4
 Leda's Liquefaction      Hex/Erth       2%           100%        4

Inventory:

Hand Weapons
 e - a +0 dagger
 i - a +0 short sword (weapon)
Missiles
 d - 2 throwing nets {=f}
Armour
 a - a +0 robe
 b - a +0 chain mail (worn)
Scrolls
 f - 3 scrolls of remove curse {unknown}
 g - 4 scrolls of identify {unknown}
 h - a scroll of blinking {unknown}
 j - 2 scrolls of enchant weapon {unknown}

Dungeon Overview and Level Annotations

Branches:
Dungeon (2/15)

Altars:

▒.▒ ▒.▒. ▒.. ▒.▒
▒...▒ ▒▒.. ▒.▒
▒.<.▒ ▒..▒ ▒.▒
▒... ▒.▒. ▒(▒
▒<).▒▒▒.▒. ▒(▒
▒........ ▒(▒
▒...... ▒w▒
▒▒.▒....
▒M▒▒▒▒▒▒▒▒▒..▒▒▒▒▒
▒▒▒▒▒...........▒▒
▒.......<.▒▒▒▒▒▒▒
▒.......).▒
▒.........▒
▒.........▒
▒.........▒
▒▒▒▒▒▒▒▒▒▒▒


You could see a worm.


Message History

Throw: 4 javelins
Aim: a worm (lightly wounded)
You throw a javelin.
The javelin pierces through the worm but does no damage.
The worm is lightly wounded.
Throw: 3 javelins
Aim: a worm (lightly wounded)
You throw a javelin.
The javelin pierces through the worm but does no damage.
The worm is lightly wounded.
Throw: 2 javelins
Aim: a worm You throw a javelin.
The javelin pierces through the worm!
The worm is heavily wounded.
Throw: javelin
Aim: a worm (heavily wounded)
You throw a javelin. The javelin barely misses the worm.
You hit the worm but do no damage.
The worm is heavily wounded.
The worm bites you!
* * * LOW HITPOINT WARNING * * *
You hit the worm.
The worm is severely wounded.
The worm closely misses you.
You hit the worm.
The worm is severely wounded.
The worm bites you.
You die...

Action                   || total
-------------------------++-------
Melee: Dagger            ||    92
       Short sword       ||   129
Throw: Javelin           ||     8
Armor: Chain mail        ||   147
Dodge: Dodged            ||    79

Levels and vault maps discovered:
D:1:      dpeg_arrival_rooms_a, layout_loops_ring, serial_park_tiny_2
D:2:      layout_rooms, chequers_ecumenical_altar_island, serial_park_tiny_1

Notes
Turn   | Place    | Note
-------+----------+-------------------------------------------
     0 | D:1      | sanka the Mummy Arcane Marksman began the quest for the
                  | Orb.
     0 | D:1      | Reached XP level 1. HP: 15/15 MP: 2/2
   416 | D:1      | Reached XP level 2. HP: 9/21 MP: 4/4
   641 | D:1      | Reached skill level 2 in Throwing
  1229 | D:1      | Reached skill level 2 in Fighting
  1311 | D:2      | Found a faded altar of an unknown god.
  1394 | D:2      | Reached XP level 3. HP: 8/28 MP: 5/5
  1699 | D:2      | Reached skill level 3 in Fighting
  2027 | D:2      | Slain by a worm

Vanquished Creatures
  An adder (D:2)
  2 dart slugs (D:2)
  A leopard gecko (D:1)
  2 giant cockroaches (D:2)
  7 hobgoblins
  10 jackals
  4 bats
  A frilled lizard (D:2)
  5 goblins
  2 kobolds
  4 rats
39 creatures vanquished.

Table legend: (Time is in decaauts)
 A = Elapsed time spent in this place.
 B = Non-inter-level travel time spent in this place.
 C = Inter-level travel time spent in this place.
 D = Time resting spent in this place.
 E = Time spent auto-exploring this place.
 F = Levels seen in this place.
 G = Mean time per level.
                   A        B        C        D        E       F      G
               +--------+--------+--------+--------+--------+-----+--------+
         Total |   2052 |   1978 |     74 |    815 |    719 |   2 | 1026.0 |
       Dungeon |   2052 |   1978 |     74 |    815 |    719 |   2 | 1026.0 |
               +--------+--------+--------+--------+--------+-----+--------+

Top non-repeatable levels by time:
     D:1: 1290 daAuts
     D:2: 761 daAuts
